 Dungeon Crawl Stone Soup version 0.27-a0-1186-g8b4daa1eef (webtiles) character file.

Game seed: 16399189118558175964

18 ZappyNine the Magician (level 2, -1/22 HPs)
             Began as a Djinni Air Elementalist on May 19, 2021.
             Was a Plaything of Xom.
             Frozen to death by an endoplasm (4 damage)
             ... on level 1 of the Dungeon.
             The game lasted 00:01:11 (1343 turns).

ZappyNine the Magician (Djinni Air Elementalist)    Turns: 1343, Time: 00:01:12

Health: -1/22      AC:  2    Str:  7    XL:     2   Next: 85%
Gold:   5          EV: 12    Int: 16    God:    Xom [..*...] SH:  0 Dex: 13

rFire    + + .     SeeInvis .   b - +0 club
rCold    x . .     Faith    .   (no shield)
rNeg     . . .     Spirit   .   a - +0 robe
rPois    ∞         Reflect  .   (no helmet)
rElec    .         Harm     .   (no cloak)
rCorr    .         Rampage  .   (no gloves)
Will     .....                  (boots unavailable)
Stlth    ++........             (no amulet)
HPRegen  0.07/turn              (no ring)
MPRegen  0.00/turn              (no ring)

@: flying
A: sickness immunity, fire resistance 2, cold vulnerability 1, float, innate
caster, hp casting, extra vitality 1
a: Renounce Religion


You were on level 1 of the Dungeon.
You worshipped Xom.
You were a toy of Xom.
You visited 1 branch of the dungeon, and saw 1 of its levels.

You collected 5 gold pieces.

Inventory:

Hand Weapons
 b - a +0 club (weapon)
Armour
 a - a +0 robe (worn)
Scrolls
 c - a scroll of identify {unknown}


   Skills:
 * Level 0.8 Fighting
 + Level 0.1 Maces & Flails
 + Level 2.3 Dodging
 + Level 1.7 Stealth
 + Level 2.7 Spellcasting


You couldn't memorise any spells.
You knew the following spells:

 Your Spells              Type           Power      Damage    Failure   Level
a - Shock                 Conj/Air       40%        1d5       6%          1
b - Static Discharge      Conj/Air       10%        N/A       10%         2
c - Swiftness             Air            10%        N/A       19%         3
d - Airstrike             Air            5%         N/A       52%         4
e - Lightning Bolt        Conj/Air       5%         1d17      86%         5
Your spell library was empty.

Dungeon Overview and Level Annotations

Branches:
Dungeon (1/15)

Altars:
Xom


Innate Abilities, Weirdness & Mutations

You are immune to sickness and miasma.
You are immune to poison.
Your flesh is very heat resistant. (rF++)
You are vulnerable to cold. (rC-)
You float through the air rather than walking.
You learn spells naturally, not from books.
Your magical power is your life essence.
You have superior vitality. (+4 HP)


Message History

Press: ? - help, Shift-Dir - straight line, f - endoplasm
Aim: an endoplasm (97% to hit)
The zap hits the rat.
You kill the rat!
The zap hits the endoplasm.
The endoplasm is heavily wounded.
The zap hits the hobgoblin.
The hobgoblin is heavily wounded.
The zap hits the frilled lizard.
The frilled lizard is heavily wounded.
* * * LOW HITPOINT WARNING * * *
Unknown command.
Casting: Shock (safe; 6% risk of failure)
Confirm with . or Enter, or press ? or * to list all spells.
Aiming: Shock (safe; 6% risk of failure)
Press: ? - help, Shift-Dir - straight line, f/p - endoplasm
Aim: an endoplasm (heavily wounded, 97% to hit)
The zap hits the endoplasm.
The endoplasm is severely wounded.
The zap hits the hobgoblin.
You kill the hobgoblin!
The zap hits the frilled lizard.
You kill the frilled lizard!
The zap hits the goblin.
The goblin is moderately wounded.
* * * LOW HITPOINT WARNING * * *
The frilled lizard unfolds its giant frill.
Casting: Shock (safe; 6% risk of failure)
Confirm with . or Enter, or press ? or * to list all spells.
Aiming: Shock (safe; 6% risk of failure)
Press: ? - help, Shift-Dir - straight line, f/p - endoplasm
Aim: an endoplasm (severely wounded, 97% to hit)
The zap hits the endoplasm.
The endoplasm is almost dead.
The zap misses the goblin.
The zap misses the frilled lizard.
* * * LOW HITPOINT WARNING * * *
The endoplasm freezes you.
You are frozen.
You feel a terrible chill!
You die... "I guess I need a new plaything now."

.......#
##.#.................#
###....#
#.####.##.###########
#....# #.#
#.##.......# #....#
#.. #.########.#
#....# ##. #.# #.....
.. #.# #...... .. #.#
#.# . #@# .. #J# ...
#.# .... #.# ..... #g#
......#l# #.§°# ##☼)#
#..#


You could see an endoplasm, a goblin and a frilled lizard.

Vanquished Creatures
  A dart slug (D:1)
  2 giant cockroaches (D:1)
  3 hobgoblins (D:1)
  2 jackals (D:1)
  2 frilled lizards (D:1)
  3 kobolds (D:1)
  3 rats (D:1)
16 creatures vanquished.

Notes
Turn   | Place    | Note
-------+----------+-------------------------------------------
     0 | D:1      | ZappyNine the Djinni Air Elementalist began the quest for
                  | the Orb.
     0 | D:1      | Reached XP level 1. HP: 15/15 MP: 0/0
   458 | D:1      | Reached XP level 2. HP: 7/22 MP: 0/0
   946 | D:1      | Found a faded altar of an unknown god.
  1275 | D:1      | Became a worshipper of Xom of Chaos
  1329 | D:1      | XOM: smoke on damage
  1343 | D:1      | Frozen to death by an endoplasm

Illustrated notes

Levels and vault maps discovered:
D:1:      eino_arrival_cavern_a, layout_basic, ebering_ecumenical_altar_hall

Action                   || total
-------------------------++-------
Melee: Club              ||    26
       Unarmed           ||     4
 Cast: Shock             ||    27
 Stab: Sleeping          ||     1
Armor: Robe              ||    11
Dodge: Dodged            ||    36

Table legend: (Time is in decaauts)
 A = Elapsed time spent in this place.
 B = Non-inter-level travel time spent in this place.
 C = Inter-level travel time spent in this place.
 D = Time resting spent in this place.
 E = Time spent auto-exploring this place.
 F = Levels seen in this place.
 G = Mean time per level.
                   A        B        C        D        E       F      G
               +--------+--------+--------+--------+--------+-----+--------+
         Total |   1350 |   1350 |      0 |    538 |    697 |   1 | 1350.0 |
       Dungeon |   1350 |   1350 |      0 |    538 |    697 |   1 | 1350.0 |
               +--------+--------+--------+--------+--------+-----+--------+

Top non-repeatable levels by time:
     D:1: 1350 daAuts
